 Dungeon Crawl Stone Soup version 0.30-a0-627-gc11e7ae810 (webtiles) character file.

Game seed: 4643765528957850896

32 Dartaoz the Slasher (level 3, 28/29 HPs)
             Began as a Demonspawn Fighter on Jan 12, 2023.
             Quit the game on level 2 of the Dungeon.
             The game lasted 00:02:43 (2029 turns).

Dartaoz the Slasher (Demonspawn Fighter)            Turns: 2029, Time: 00:02:43

Health: 28/29      AC:  6    Str: 22    XL:     3   Next: 8%
Magic:  3/3        EV: 11    Int:  9    God:
Gold:   0          SH:  4    Dex: 14    Spells: 2/2 levels left

rFire   . . .      SeeInvis .    a - +0 long sword
rCold   . . .      Faith    .    c - +0 buckler
rNeg    . . .      Spirit   .    b - +0 scale mail
rPois   .          Reflect  .    (no helmet)
rElec   .          Harm     .    (no cloak)
rCorr   .          Rampage  .    (no gloves)
Will    .....                    (no boots) Stlth
                                 (no amulet)
HPRegen 0.24/turn                m - +6 ring of strength
MPRegen 0.16/turn                (no ring)

@: no status effects
A: repulsion field 1, magic regeneration
a: no special abilities


You were on level 2 of the Dungeon.
You visited 1 branch of the dungeon, and saw 2 of its levels.

Inventory:

Hand Weapons
 a - a +0 long sword (weapon)
Armour
 b - a +0 scale mail (worn)
 c - a +0 buckler (worn)
Jewellery
 k - an amulet of magic regeneration
 l - a ring of wizardry
 m - a +6 ring of strength (left hand)
Scrolls
 h - 5 scrolls of identify {unknown}
 j - a scroll of blinking {unknown}
 o - a scroll of noise {unknown}
 p - a scroll of magic mapping {unknown}
 q - a scroll of enchant armour {unknown}
 r - a scroll of fear {unknown}
 s - a scroll of vulnerability {unknown}
Potions
 d - a potion of might
 e - a potion of magic {unknown}
 f - a potion of berserk rage {unknown}
 g - a potion of curing {unknown}
 i - 2 potions of brilliance {unknown}
 n - a potion of flight {unknown}


   Skills:
 - Level 3.0 Fighting
 + Level 3.2 Long Blades
 - Level 2.6 Armour
 - Level 2.6 Shields


You had 2 spell levels left.
You didn't know any spells.
Your spell library contained the following spells:

 Spells                   Type           Power      Damage    Failure   Level
 Necrotise                Necr           0%         1d4       82%         1
 Tukima's Dance           Hex            0%         N/A       99%         3
 Vampiric Draining        Necr           0%         2d6       99%         3
 Passage of Golubria      Tloc           0%         N/A       100%        4
 Agony                    Necr           0%         N/A       100%        5
 Yara's Violent Unravell  Hex/Tmut       0%         3d3       100%        5


Dungeon Overview and Level Annotations

Branches:
Dungeon (2/15)

Altars:


Innate Abilities, Weirdness & Mutations

You are surrounded by a mild repulsion field. (EV +2)
You regenerate magic rapidly.


Message History

The worm is severely wounded.
The worm bites you.
You slash the worm!
You kill the worm!
You see here a worm corpse.
A quokka comes into view.
You hit the quokka.
The quokka is severely wounded.
The quokka bites you.
You slash the quokka!
You kill the quokka!
Your Long Blades skill increases to level 3!
You see here a quokka corpse.
A kobold comes into view. It is wielding a +0 short sword.
The kobold shouts!
Found a stone staircase leading down.
The kobold hits you but does no damage.
You slash the kobold!
You kill the kobold!
No target in view!
Found a stone staircase leading down.
An adder comes into view.
Found a book of Geomancy.
You closely miss the adder. The adder bites you. The adder barely misses you.
You barely miss the adder. You block the adder's attack.
The adder barely misses you.
You slash the adder!
The adder is severely wounded.
The adder bites you but does no damage.
You miss the adder.
The adder is severely wounded.
You block the adder's attack. x2
You hit the adder.
You kill the adder!
You have reached level 3!
Your experience leads to an increase in your attributes!
Your base attributes are Str 16, Int 9, Dex 12.
Increase (S)trength, (I)ntelligence, or (D)exterity?
You feel agile. x2; Your demonic ancestry asserts itself...
Your magic begins to regenerate rapidly.
Are you sure you want to abandon this character and quit the game? (Confirm with "yes".)

#.###### #..... #.#..... .
#.... #.....## ..##
#.#.##+###....... .....
:>...............
.....###................
.#.......#..#.###.#..#.#
.........#..#........#..
.......@....#####.##.#.#
...#..............#.)#.#
#.#...#..#######..#.#
...................#.#
...########..#.####.##.#
.. .<............
.#..########.#####..#.....
.......<...............###
###.##..#.##.######......^


There were no monsters in sight!

Vanquished Creatures
  An adder (D:2)
  A worm (D:2)
  3 bats
  2 endoplasms (D:1)
  A hobgoblin (D:2)
  4 jackals (D:2)
  A quokka (D:2)
  A ball python (D:2)
  A frilled lizard (D:2)
  A goblin (D:2)
  2 kobolds
18 creatures vanquished.

Notes
Turn   | Place    | Note
-------+----------+-------------------------------------------
     0 | D:1      | Dartaoz the Demonspawn Fighter began the quest for the Orb.
     0 | D:1      | Reached XP level 1. HP: 18/18 MP: 1/1
  1697 | D:2      | Gained mutation: You are surrounded by a mild repulsion
                  | field. (EV +2) [demonic ancestry]
  1697 | D:2      | Reached XP level 2. HP: 20/24 MP: 2/2
  1872 | D:2      | Found a faded altar of an unknown god.
  2029 | D:2      | Gained mutation: You regenerate magic rapidly. [demonic
                  | ancestry]
  2029 | D:2      | Reached XP level 3. HP: 28/29 MP: 3/3
  2029 | D:2      | Quit the game

Illustrated notes

Levels and vault maps discovered:
D:1:      saegor_arrival_simple_e, layout_basic, minmay_misc_feat_four_crosses
D:2:      layout_basic, hellmonk_ecumenical_altar_lost_god,
          uniq_crazy_yiuf_cottage

Skill      XL: |  1  2 |
---------------+-------+-----
Long Blades    | 2 3 |  3.2
Fighting       | |  3.0
Armour         | |  2.6
Shields        | |  2.6

Action                   || total
-------------------------++-------
Melee: Long sword        ||    63
Armor: Scale mail        ||    36
Dodge: Dodged            ||    47
Block: Buckler           ||    23

Table legend: (Time is in decaauts)
 A = Elapsed time spent in this place.
 B = Non-inter-level travel time spent in this place.
 C = Inter-level travel time spent in this place.
 D = Time resting spent in this place.
 E = Time spent auto-exploring this place.
 F = Levels seen in this place.
 G = Mean time per level.
                   A        B        C        D        E       F      G
               +--------+--------+--------+--------+--------+-----+--------+
         Total |   2049 |   1996 |     53 |      0 |   1825 |   2 | 1024.5 |
       Dungeon |   2049 |   1996 |     53 |      0 |   1825 |   2 | 1024.5 |
               +--------+--------+--------+--------+--------+-----+--------+

Top non-repeatable levels by time:
     D:1: 1672 daAuts
     D:2: 376 daAuts
